 Dungeon Crawl Stone Soup version 0.19-a0-27-g415f530 (webtiles) character file.

9 M4edhros the Grave Robber (level 2, -1/17 HPs)
             Began as an Octopode Necromancer on May 1, 2016.
             Slain by a howler monkey (3 damage)
             ... on level 4 of the Dungeon.
             The game lasted 00:01:14 (232 turns).

M4edhros the Grave Robber (Octopode Necromancer)     Turns: 232, Time: 00:01:15

Health: -1/17      AC:  1    Str:  7    XL:     2   Next: 16%
Magic:  4/5        EV: 12    Int: 17    God:
Gold:   21         SH:  0    Dex: 12    Spells: 1 memorised, 4 levels left

rFire  + . .     SeeInvis .       - Unarmed
rCold  + . .     Gourm    .     (no shield)
rNeg   . . .     Faith    .     (helmet restricted)
rPois  +         Spirit   .     (no amulet)
rElec  +         Dismiss  .     (no ring)
rCorr  +         Reflect  .     (no ring)
SustAt .         Harm     .     (no ring)
MR     .....                    (no ring)
Stlth  +++.......               (no ring)
                                (no ring)
                                (no ring)
                                (no ring)

@: resistant, not resistant to hostile enchantments, fairly stealthy
A: almost no armour, amphibious, 8 rings, constrict 8, camouflage 1, gelatinous
body 1
a: no special abilities


You were on level 4 of the Dungeon.
You were not hungry.

You visited 1 branch of the dungeon, and saw 4 of its levels.

You collected 21 gold pieces.

Inventory:

Scrolls
 d - 2 scrolls of identify {unknown}
 e - a scroll of recharging {unknown}
 f - a scroll of enchant weapon {unknown}
Books
 a - a book of Necromancy

   Spells                             Type                      Level
   a - Pain                           Necromancy                   1
   b - Animate Skeleton               Necromancy                   1
   c - Vampiric Draining              Necromancy                   3
   d - Regeneration                   Charms/Necromancy            3
   e - Animate Dead                   Necromancy                   4
   f - Control Undead                 Necromancy                   4
Comestibles
 b - 2 bread rations


   Skills:
 - Level 2.0 Dodging
 - Level 2.6 Stealth
 + Level 1.7 Unarmed Combat
 - Level 2.0 Spellcasting
 - Level 4.0 Necromancy


You had 4 spell levels left.
You knew the following spells:

 Your Spells              Type           Power        Failure   Level  Hunger
a - Pain                  Necr           ###.         3%          1    #......


Dungeon Overview and Level Annotations

Branches:
Dungeon (4/15)
 Temple: D:4-7

Altars:
The Shining One


Innate Abilities, Weirdness & Mutations

You cannot wear most types of armour.
You are amphibious.
You can wear up to eight rings at the same time.
You can use your tentacles to constrict eight enemies at once.
Your skin changes colour to match your surroundings (Stealth).
Your rubbery body absorbs attacks (AC +1).


Message History

The howler monkey completely misses you.
You tentacle-slap the howler monkey. Your grab misses the howler monkey.
The howler monkey is moderately wounded.
The howler monkey hits you.
* * * LOW HITPOINT WARNING * * *
The howler monkey barely misses you.
You closely miss the howler monkey. Your grab misses the howler monkey.
The howler monkey is moderately wounded.
The howler monkey closely misses you. The howler monkey bites you.
* * * LOW HITPOINT WARNING * * *
You barely miss the howler monkey. Your grab misses the howler monkey.
The howler monkey is moderately wounded.
The howler monkey hits you.
* * * LOW HITPOINT WARNING * * *
The howler monkey barely misses you.
You tentacle-slap the howler monkey but do no damage.
You grab the howler monkey.
The howler monkey is moderately wounded.
You constrict the howler monkey. The howler monkey hits you.
You die...

###..#....####
.............
##............
#.......>.....
.............
#...........
...#...h.......
.......@.......
###............
#............
##.##........
#. #..[..... #
##.......
#.....# ######


You could see a howler monkey.

Vanquished Creatures
  A dart slug (D:2)
  A ball python (D:2)
  A giant cockroach (D:2)
  A hobgoblin (D:2)
  A quokka (D:2)
  A giant newt (D:2)
  A kobold (D:2)
7 creatures vanquished.

Notes
Turn   | Place    | Note
--------------------------------------------------------------
     0 | D:1      | M4edhros the Octopode Necromancer began the quest for the Orb.
     0 | D:1      | Reached XP level 1. HP: 11/11 MP: 3/3
   110 | D:2      | Reached skill level 1 in Unarmed Combat
   125 | D:2      | Found a glowing golden altar of the Shining One.
   144 | D:2      | Reached XP level 2. HP: 8/17 MP: 0/5
   208 | D:4      | Noticed a howler monkey
   232 | D:4      | Slain by a howler monkey

Vault maps used:
D:1:      dpeg_arrival_yet_another_circle
D:2:      first_bread, serial_bayou_pond_a, minmay_misc_feat_encased,
          tso_metal_star, uniq_iyjb
D:4:      minmay_temple_entry_statues_fountains, minmay_misc_feat_hallway,
          grunt_decor_arrowhead, minmay_bisected, uniq_edmund

Skill      XL: |  1 |
---------------+----+-----
Unarmed Combat | 1 |  1.7
Dodging        | |  2.0
Stealth        | |  2.6
Spellcasting   | |  2.0
Necromancy     | |  4.0

Action                   || total
-------------------------++-------
Melee: Unarmed           ||    10
       Constrict         ||     4
       Tentacles         ||     1
 Cast: Pain              ||     8
  Use: Potion            ||     1
 Stab: Sleeping          ||     1
Dodge: Dodged            ||    10
